 Dungeon Crawl Stone Soup version 0.31-a0-507-gbafd7f5274 (webtiles) character file.

Game seed: 14537310081576788346

119 jasper the Chopper (level 4, 0/35 HPs)
             Began as a Demonspawn Cinder Acolyte on Aug 9, 2023.
             Was a High Priest of Ignis.
             Slain by Edmund
             ... wielding a +2 dire flail of holy wrath
              (4 damage)
             ... on level 4 of the Dungeon.
             The game lasted 00:09:44 (3326 turns).

jasper the Chopper (Demonspawn Cinder Acolyte)      Turns: 3326, Time: 00:09:45

Health: 0/35       AC:  9    Str: 17    XL:     4   Next: 73%
Magic:  5/5        EV:  7    Int: 15    God:    Ignis [*****.]
Gold:   115        SH:  0    Dex:  8    Spells: 5/5 levels left

rFire   + . .        a - -1 hand axe (flame)
rCold   . . .        (no shield)
rNeg    . . .        m - +1 chain mail
rPois   .            (helmet restricted)
rElec   .            (no cloak)
rCorr   .            (no gloves)
SInv    .            (no boots)
Will    .....        (no amulet) Stlth
                     (no ring)
HPRegen 0.25/turn    (no ring)
MPRegen 0.09/turn

%: no passive effects
@: no status effects
A: horns 1, foul stench 1
a: Renounce Religion, Fiery Armour, Foxfire Swarm, Rising Flame


You were on level 4 of the Dungeon.
You worshipped Ignis.
Ignis was extremely pleased with you.
You visited 1 branch of the dungeon, and saw 4 of its levels.

You collected 115 gold pieces.

Inventory:

Hand Weapons
 a - a -1 hand axe of flaming (weapon)
 f - a +0 hand axe
Missiles
 e - 66 stones
 h - a boomerang (quivered)
 o - 4 datura-tipped darts
Armour
 b - a +0 robe
 m - a +1 chain mail (worn)
Scrolls
 g - 4 scrolls of teleportation
 n - a scroll of blinking
Potions
 c - 2 potions of might
 d - 2 potions of curing
 i - 2 potions of degeneration
 j - a potion of enlightenment
 k - a potion of magic {unknown}
 l - a potion of invisibility {unknown}


   Skills:
 - Level 3.0 Fighting
 * Level 5.0 Axes
 - Level 1.0 Spellcasting
 - Level 2.6 Fire Magic


You had 5 spell levels left.
You didn't know any spells.
Your spell library contained the following spells:

 Spells                   Type           Power      Damage    Failure   Level
 Scorch                   Fire           16%        2d5       83%         2


Dungeon Overview and Level Annotations

Branches:
Dungeon (4/15)
 Temple: D:4-7

Altars:
Hepliaklqana
Xom

Annotations:
D:4 Edmund


Innate Abilities, Weirdness & Mutations

You have a pair of small horns on your head.
You may rarely emit foul miasma when damaged in melee.


Message History

There is an open door here.
There is an open door here.
There is a stone staircase leading down here.
You climb downwards.
There is a stone staircase leading up here.
You climb upwards.
There is a stone staircase leading down here.
There is a stone staircase leading down here.
You climb downwards.
There is a stone staircase leading up here.
Found a stone staircase leading down.
A kobold comes into view. It is wielding a +0 short sword.
The kobold shouts!
You hear a shout!
There is a stone staircase leading down here.
A kobold is nearby!
Edmund the Younger comes into view.
He is wielding a +2 dire flail of holy wrath.
The kobold hits you with a +0 short sword.
You emit a cloud of foul miasma!
You take 1 damage, and have 34/35 hp.
You barely miss the kobold.
The kobold is engulfed in dark miasma.
The kobold is poisoned.
You kill the kobold!
Edmund hits you with a +2 dire flail of holy wrath!
You convulse!
Things that are here:
a +0 short sword; 4 stones You take 17 damage, and have 17/35 hp.
MASSIVE DAMAGE!!
You hit Edmund but do no damage. You headbutt Edmund, but do no damage.
Edmund hits you with a +2 dire flail of holy wrath.
You convulse.
You take 5 damage, and have 12/35 hp.
You closely miss Edmund. You headbutt Edmund. Your punch misses Edmund.
Edmund is lightly wounded.
Edmund barely misses you.
You hit Edmund. You burn Edmund.
Edmund is lightly wounded.
Edmund hits you with a +2 dire flail of holy wrath!
* * * LOW HITPOINT WARNING * * *
You convulse.
You die...

#.#
#.###
#...#
###.#
#>#
#.#
#.#
#.#
#@#
#@#
#.#
#.#
#.#
#.#
#.#
#.#


You could see Edmund.

Vanquished Creatures
  3 gnolls (D:2)
  An adder (D:2)
  3 dart slugs
  An orc (D:3)
  5 bats
  An endoplasm (D:2)
  5 giant cockroaches
  2 hobgoblins
  2 jackals (D:2)
  4 quokkas
  7 ball pythons
  4 frilled lizards
  3 goblins
  14 kobolds
  30 rats
85 creatures vanquished.

Notes
Turn   | Place    | Note
-------+----------+-------------------------------------------
     0 | D:1      | jasper the Demonspawn Cinder Acolyte began the quest for
                  | the Orb.
     0 | D:1      | Reached XP level 1. HP: 18/18 MP: 2/2
    65 | D:1      | Reached skill level 3 in Axes
   168 | D:1      | Gained mutation: You may rarely emit foul miasma when
                  | damaged in melee. [demonic ancestry]
   168 | D:1      | Reached XP level 2. HP: 23/24 MP: 3/3
   297 | D:1      | Found a faded altar of an unknown god.
   866 | D:2      | Reached XP level 3. HP: 28/29 MP: 4/4
   888 | D:2      | Reached skill level 4 in Axes
  1040 | D:2      | Gained mutation: You have a pair of small horns on your
                  | head. [demonic ancestry]
  1040 | D:2      | Reached XP level 4. HP: 10/35 MP: 5/5
  2638 | D:3      | Reached skill level 5 in Axes
  2662 | D:3      | Found a hazy altar of Hepliaklqana.
  2874 | D:3      | Found a shimmering altar of Xom.
  3319 | D:4      | Noticed Edmund
  3326 | D:4      | Slain by Edmund

Illustrated notes

Levels and vault maps discovered:
D:1:      psy_arrival_basics, layout_basic, shapermc_ecumenical_altar_ellora,
          chequers_serial_rivers_micro_b
D:2:      layout_loops_ring, minmay_rat_hole
D:3:      layout_basic, mainiacjoe_overflow_24_doors, tgw_xom
D:4:      layout_loops_ring, kennysheep_orc_sif_temple,
          grunt_temple_overflow_open, serial_shops,
          nicolae_shop_tiny_real_fake_doors, uniq_eustachio, uniq_edmund

Skill      XL: |  1  2  3  4 |
---------------+-------------+-----
Axes           | 3 4 5 |  5.0
Fighting       | |  3.0
Spellcasting   | |  1.0
Fire Magic     | |  2.6

Action                     |  1- 3 |  4- 6 || total
---------------------------+-------+-------++-------
  Melee: Hand axe          |   107 |    78 ||   185
         Headbutt          |       |     5 ||     5
  Throw: Boomerang         |    23 |    43 ||    66
         Stone             |     1 |       ||     1
 Invoke: Fiery Armour      |     2 |       ||     2
    Use: Scroll            |     2 |     8 ||    10
 Armour: Robe              |    23 |     3 ||    26
         Chain mail        |       |    34 ||    34
  Dodge: Dodged            |    68 |    31 ||    99

Table legend: (Time is in decaauts)
 A = Elapsed time spent in this place.
 B = Non-inter-level travel time spent in this place.
 C = Inter-level travel time spent in this place.
 D = Time resting spent in this place.
 E = Time spent auto-exploring this place.
 F = Levels seen in this place.
 G = Mean time per level.
                   A        B        C        D        E       F      G
               +--------+--------+--------+--------+--------+-----+--------+
         Total |   3368 |   3092 |    276 |    657 |   1508 |   4 |  842.0 |
       Dungeon |   3368 |   3092 |    276 |    657 |   1508 |   4 |  842.0 |
               +--------+--------+--------+--------+--------+-----+--------+

Top non-repeatable levels by time:
     D:3: 1354 daAuts
     D:2: 1048 daAuts
     D:1: 809 daAuts
     D:4: 155 daAuts
